 Dungeon Crawl Stone Soup version 0.31-a0-96-g196d5507e3 (webtiles) character file.

Game seed: 6290109736227144156

111687 Essalna the Earth Mage (level 16, 0/108 HPs)
             Began as a Gargoyle Earth Elementalist on May 26, 2023.
             Was the Champion of Vehumet.
             Killed by divine providence
             ... invoked by Saint Roka
              (12 damage)
             ... on level 2 of the Orcish Mines.
             The game lasted 01:07:57 (25480 turns).

Essalna the Earth Mage (GrEE)                      Turns: 25480, Time: 01:07:58

Health: 0/108      AC: 28    Str: 11    XL:     16   Next: 58%
Magic:  20/25      EV: 14    Int: 27    God:    Vehumet [******]
Gold:   2829       SH: 16    Dex: 21    Spells: 3/27 levels left

rFire   + + +        k - +9 short sword "Xejes" {speed, *Rage rF++ rC+ rCorr}
rCold   + + +        u - +2 shield of Resistance {rF++ rC++ Will++}
rNeg    + + .        s - +2 robe {Archmagi}
rPois   ∞            (helmet restricted)
rElec   +            e - +2 cloak of Nitummag {rN+}
rCorr   +            (no gloves)
SInv    +            l - +1 pair of boots of Xuxzeet {Dex+5}
Will    +++..        U - amulet of magic regeneration
Stlth   ++           I - ring of Xom's Sleight of Hands {rC+ Int+4 Dex+6 SInv}
HPRegen 0.38/turn    O - +4 ring of protection
MPRegen 0.59/turn

%: random rage (20%), archmagi
@: on berserk cooldown, flying, slowed, very slow
A: sickness immunity, AC +12, big wings, negative energy resistance 1,
electricity resistance, torment resistance 1, petrification resistance, beak,
iridescent scales 1, weak 1, subdued magic 1
a: Renounce Religion


You were on level 2 of the Orcish Mines.
You worshipped Vehumet.
Vehumet was exalted by your worship.
You visited 4 branches of the dungeon, and saw 23 of its levels.
You also visited: Gauntlet.

You collected 3249 gold pieces.
You spent 420 gold pieces at shops.

Inventory:

Hand Weapons
 k - the +9 short sword "Xejes" (weapon) {speed, *Rage rF++ rC+ rCorr}
   (You found it on level 4 of the Dungeon)

   rF:        It greatly protects you from fire.
   rC:        It protects you from cold.
   *Rage:     It berserks you when you make melee attacks (+20% chance).
   rCorr:     It protects you from acid and corrosion.
Armour
 e - the +2 cloak of Nitummag (worn) {rN+}
   (You found it on level 14 of the Dungeon)

   rN:        It protects you from negative energy.
 g - a +1 robe of cold resistance
 j - a +1 cloak
 l - the +1 pair of boots of Xuxzeet (worn) {Dex+5}
   (You found it in a Gauntlet)

   Dex:       It affects your dexterity (+5).
 s - a +2 robe of the Archmagi (worn)
 u - the +2 shield of Resistance (worn) {rF++ rC++ Will++}
   (You acquired it on level 8 of the Dungeon)

   rF:        It greatly protects you from fire.
   rC:        It greatly protects you from cold.
   Will:      It greatly increases your willpower.
 H - the +0 ring mail of Qupath {MP+9 Str+2}
   (You found it on level 10 of the Dungeon)

   Str:       It affects your strength (+2).
   MP:        It affects your magic capacity (+9).
 X - a +0 troll leather armour
Magical Staves
 c - the staff of earth "Opoiffol" {Drain rC- Str+6 Int+3}
   (You acquired it on level 7 of the Dungeon)

   [staff of earth]

   Base accuracy: +5 Base damage: 5 Base attack delay: 1.2 This weapon's minimum
   attack delay (0.6) is reached at skill level 12.
   Str:       It affects your strength (+6).
   Int:       It affects your intelligence (+3).
   rC:        It makes you vulnerable to cold.
   Drain:     It drains your maximum health when unequipped.
   It falls into the 'Staves' category.
   It is a one-handed weapon.
 z - a staff of poison
 T - a staff of death
Jewellery
 i - the ring of Hydait {rElec rCorr EV+5 Int-3}
   (You found it in a Gauntlet)

   [ring of evasion]

   EV:        It affects your evasion (+5).
   Int:       It affects your intelligence (-3).
   rElec:     It insulates you from electricity.
   rCorr:     It protects you from acid and corrosion.
 p - a ring of protection from fire
 r - the amulet "Gechur" {Spirit Will+ MP-9 Slay+3}
   (You found it in a Gauntlet)

   [amulet of guardian spirit]

   It causes incoming damage to be divided between your reserves of health and
   magic.
   Slay:      It affects your accuracy & damage with ranged weapons and melee
   (+3).
   MP:        It affects your magic capacity (-9).
   Will:      It increases your willpower.
 y - a ring of protection from fire
 C - a +4 ring of protection
 I - the ring of Xom's Sleight of Hands (left hand) {rC+ Int+4 Dex+6 SInv}
   (You found it in a Gauntlet)

   [ring of dexterity]

   Int:       It affects your intelligence (+4).
   Dex:       It affects your dexterity (+6).
   rC:        It protects you from cold.
   SInv:      It lets you see invisible.
 O - a +4 ring of protection (right hand)
 U - an amulet of magic regeneration (around neck)
 Y - an amulet of regeneration
Wands
 w - a wand of digging (5)
 M - a wand of roots (9)
 N - a wand of light (8)
 Q - a wand of mindburst (20)
Scrolls
 a - a scroll of silence
 m - 5 scrolls of magic mapping
 o - 2 scrolls of fog
 q - a scroll of amnesia
 t - 5 scrolls of identify
 x - 4 scrolls of poison
 B - a scroll of immolation
 E - 6 scrolls of teleportation
 F - 2 scrolls of torment {unknown}
 G - 2 scrolls of enchant armour
 K - 3 scrolls of fear {unknown}
 P - a scroll of brand weapon {unknown}
 S - 5 scrolls of blinking {unknown}
 V - a scroll of butterflies {unknown}
 W - 2 scrolls of noise {unknown}
Potions
 b - a potion of magic
 d - 5 potions of mutation
 f - 10 potions of curing
 h - 2 potions of resistance
 n - 3 potions of brilliance
 v - a potion of degeneration {unknown}
 A - 2 potions of heal wounds
 D - 3 potions of might
 J - a potion of invisibility
 R - 2 potions of cancellation
 Z - 12 potions of ambrosia


   Skills:
 + Level 15.5 Fighting
 + Level 7.0 Armour
 + Level 5.6 Dodging
 - Level 2.1 Stealth
 + Level 13.6 Shields
 + Level 6.4 Spellcasting
 + Level 10.4 Conjurations
 - Level 0.7 Transmutations
 + Level 17.1 Earth Magic
 - Level 10.5 Poison Magic


You had 3 spell levels left.
You knew the following spells:

 Your Spells              Type           Power      Damage    Failure   Level
a - Sandblast             Erth           100%       2d20      0%          1
b - Olgreb's Toxic Radia  Pois           66%        N/A       1%          4
c - Stone Arrow           Conj/Erth      100%       3d13      1%          3
d - Ignite Poison         Fire/Tmut/Pois 26%        N/A       3%          3
e - Orb of Destruction    Conj           33%        9d10      32%         7
f - Leda's Unmaking       Conj/Erth      37%        9d6       2%          6

Your spell library contained the following spells:

 Spells                   Type           Power      Damage    Failure   Level
 Ozocubu's Refrigeration  Ice            5%         4d8       100%        7
 Foxfire                  Conj/Fire      100%       2x1d9     1%          1
 Shock                    Conj/Air       100%       1d9       1%          1
 Sting                    Tmut/Pois      100%       1d8       1%          1
 Momentum Strike          Conj/Tloc      74%        3d10      1%          2
 Passwall                 Tmut/Erth      47%        N/A       1%          2
 Poisonous Vapours        Pois/Air       74%        N/A       1%          2
 Frozen Ramparts          Ice            20%        1d4       10%         3
 Apportation              Tloc           20%        N/A       12%         1
 Blink                    Tloc           20%        N/A       17%         2
 Lesser Beckoning         Tloc           20%        N/A       17%         2
 Call Canine Familiar     Summ           10%        N/A       34%         3
 Portal Projectile        Hex/Tloc       10%        N/A       45%         3
 Petrify                  Tmut/Erth      57%        N/A       3%          4
 Leda's Liquefaction      Hex/Erth       27%        N/A       4%          4
 Flame Wave               Conj/Fire      37%        2d10      5%          4
 Fireball                 Conj/Fire      18%        3d9       14%         5
 Alistair's Intoxication  Tmut/Pois      26%        N/A       41%         5
 Starburst                Conj/Fire      18%        6d7       58%         6
 Metabolic Englaciation   Hex/Ice        2%         N/A       99%         5
 Plasma Beam              Fire/Air       2%         2x1d14    99%         6
 Polar Vortex             Ice            5%         N/A       100%        9
 Statue Form              Tmut/Erth      Unusable   N/A       N/A         6

Dungeon Overview and Level Annotations

Branches:
Dungeon (15/15)            Temple (1/1) D:6            Lair (5/5) D:9
  Swamp (0/4) Lair:3        Snake (0/4) Lair:2        Slime (0/5) Lair:4
    Orc (2/2) D:11            Elf (0/3) Orc:2        Vaults (0/5) D:14
 Depths (0/4) D:15        Gauntlet (visited)

Altars:
Dithmenos
Elyvilon
Fedhas
Gozag
Kikubaaqudgha
Nemelex Xobeh
Okawaru
Sif Muna
Trog
Uskayaw
Vehumet
Wu Jian
Xom
Jiyva

Shops:
D:4 =*([   D:7 [

Portals:
Trove: D:11 (give +4 shadow dragon scales)

Annotations:
Orc:2 Saint Roka


Innate Abilities, Weirdness & Mutations

You are immune to sickness and miasma.
Your stone body is resilient. (AC +12)
You are immune to poison.
Your large and strong wings let you fly.
You resist negative energy. (rN+)
You are resistant to electric shocks. (rElec)
You are resistant to unholy torment.
You are immune to petrification.
You have a beak for a mouth.
You are partially covered in iridescent scales. (AC +2)
You are weak. (Str -2)
Your spells are a little easier to cast, but a little less powerful.


Message History

Vehumet accepts your kill.
You feel your power returning.
Your toxic aura wanes.
You kill the orc priest!
Vehumet accepts your kill.
Casting: Olgreb's Toxic Radiance (safe; 1% risk of failure)
Confirm with . or Enter, or press ? or * to list all spells.
You feel a surge of power!
You ignite the poison in your surroundings!
Saint Roka seems to burn from within!!
Saint Roka is heavily wounded.
You are too injured to fight recklessly!
Casting: Ignite Poison (mildly dangerous; 3% risk of failure)
Confirm with . or Enter, or press ? or * to list all spells.
You feel a surge of power!
You begin to radiate toxic energy.
Saint Roka is poisoned.
Saint Roka looks even sicker.
You block Saint Roka's attack.
You barely miss Saint Roka.
Saint Roka is heavily wounded.
Saint Roka looks as sick as possible!
Saint Roka mumbles some strange prayers to Beogh against you.
Beogh smites you!
You hit Saint Roka but do no damage.
Saint Roka is heavily wounded.
Your toxic aura wanes.
Saint Roka hits you with a +0 heavy great sword!!!
* * * LOW HITPOINT WARNING * * *
You feel much better.
Saint Roka calls down the wrath of Beogh upon you.
Beogh smites you!
* * * LOW HITPOINT WARNING * * *
Casting: Olgreb's Toxic Radiance (safe; 1% risk of failure)
Confirm with . or Enter, or press ? or * to list all spells.
You feel a surge of power!
You ignite the poison in your surroundings!
Saint Roka seems to burn from within!!!
Saint Roka is severely wounded.
Saint Roka mumbles some strange prayers to Beogh against you.
Beogh smites you!
You die...

#... #.. #...#...
#....#..
+###......####
..........#.8##+###+#
...#....8.'...)......
..........)..))).8)).
........8.').@o))..).
....#.....#)8##)###)#
.......)..#### .#
........>..# #
...........##
.........#..########
........#...........
.............####...
............####.#..##
##


You could see Saint Roka.

Vanquished Creatures
  Nessos (Orc:2)
  A minotaur (Gauntlet)
  A great orb of eyes (D:14)
  An ice dragon (D:14)
  4 vault guards (D:14)
  7 hydras
  2 catoblepae
  The ghost of Selon the Destroyer, a journeyman TeFE of Vehumet (Lair:1)
  A deep troll shaman (Lair:5)
  10 centaur warriors
  11 boulder beetles
  4 two-headed ogres
  3 death yaks (Lair:5)
  An alligator (shapeshifter) (D:14)
  A shock serpent (shapeshifter) (D:15)
  A tengu warrior (D:14)
  3 skysharks
  A fire crab (Lair:4)
  3 skeletal warriors
  A glowing orange brain (D:15)
  2 bog bodies (Lair:3)
  An orb spider (shapeshifter) (D:15)
  4 orc knights
  2 wolf spiders
  Pikel (D:7)
  3 deep elf pyromancers (D:14)
  13 ugly things
  5 manticores
  A shining eye (Gauntlet)
  A moth of wrath (Gauntlet)
  4 oklob plants
  7 cyclopes
  26 elephants
  A guardian serpent (shapeshifter) (D:14)
  2 black mambas
  A torpor snail (Gauntlet)
  17 cane toads
  A gargoyle (D:14)
  A kobold demonologist (D:12)
  2 yaktaurs
  3 rime drakes
  2 freezing wraiths
  8 komodo dragons
  A queen bee (D:11)
  10 trolls
  8 meliai
  7 polar bears
  A hornet (D:9)
  7 blink frogs
  17 dream sheep
  12 slime creatures
  A shadow (D:11)
  A centaur simulacrum (D:14)
  A vampire (D:12)
  5 wraiths
  6 basilisks
  Grum (D:11)
  5 wyverns
  8 humans (D:14)
  49 yaks
  A golden eye (Gauntlet)
  2 steam dragons
  8 redbacks (D:14)
  9 vampire mosquitoes
  2 nagas (Lair:2)
  12 water moccasins
  Duvessa (D:4)
  A floating eye (Gauntlet)
  5 black bears
  2 ice beasts
  29 orc warriors
  A sky beast (D:7)
  2 ogres (Orc:1)
  11 centaurs
  37 wolves
  3 phantoms
  5 kobold brigands
  17 bullfrogs
  2 scorpions
  4 gnoll sergeants
  16 wights
  Dowan (D:4)
  24 killer bees (D:11)
  3 electric eels
  4 howler monkeys
  3 gnoll boudas
  4 hounds
  3 jellies
  22 orc priests
  A sleepcap (D:6)
  Ijyb (D:4)
  3 iguanas
  21 orc wizards
  38 gnolls
  12 adders
  A white imp (D:5)
  4 ufetubi
  4 worms
  A dart slug (D:1)
  73 orcs
  3 bats
  7 endoplasms
  5 giant cockroaches
  7 goblins
  3 hobgoblins
  22 kobolds
  7 quokkas
  7 ball pythons
  2 frilled lizards
  5 rats
767 creatures vanquished.

Notes
Turn   | Place    | Note
-------+----------+-------------------------------------------
     0 | D:1      | Essalna the Gargoyle Earth Elementalist began the quest for
                  | the Orb.
     0 | D:1      | Reached XP level 1. HP: 10/10 MP: 3/3
   228 | D:1      | Found a faded altar of an unknown god.
   270 | D:1      | Got Plato's Discursus on Turbulence
   317 | D:1      | Reached skill level 1 in Fighting
   338 | D:1      | Reached XP level 2. HP: 16/16 MP: 3/5
   371 | D:1      | Reached skill level 4 in Earth Magic
  1077 | D:2      | Reached XP level 3. HP: 12/21 MP: 0/6
  1641 | D:2      | Reached XP level 4. HP: 27/27 MP: 3/7
  2490 | D:4      | Found Xorgh's Overcharged Wands.
  2541 | D:4      | Reached skill level 5 in Earth Magic
  2775 | D:4      | Reached XP level 5. HP: 32/32 MP: 2/8
  2982 | D:4      | Found Jumysioc's Weapon Shoppe.
  2990 | D:4      | Identified the +9 short sword "Xejes" {speed, *Rage rF++
                  | rC+ rCorr}
  3231 | D:4      | Found Zotipih's Jewellery Boutique.
  3233 | D:4      | Noticed Dowan
  3251 | D:4      | Noticed Duvessa
  3262 | D:4      | Learned a level 4 spell: Olgreb's Toxic Radiance
  4002 | D:4      | Found Nafoul's Armour Boutique.
  4003 | D:4      | Noticed Ijyb
  4018 | D:4      | Killed Ijyb
  4019 | D:4      | Reached skill level 1 in Poison Magic
  4019 | D:4      | Reached XP level 6. HP: 38/38 MP: 7/10
  4140 | D:4      | Noticed a black bear
  4152 | D:4      | Killed a black bear
  4345 | D:4      | Killed Duvessa
  4346 | D:4      | Reached skill level 6 in Earth Magic
  4346 | D:4      | Reached XP level 7. HP: 43/43 MP: 8/12
  4353 | D:4      | Killed Dowan
  4460 | D:4      | Learned a level 3 spell: Stone Arrow
  4477 | D:5      | Entered Level 5 of the Dungeon
  4529 | D:5      | Reached skill level 1 in Conjurations
  4722 | D:5      | Found an iron altar of Okawaru.
  4871 | D:5      | Reached XP level 8. HP: 48/48 MP: 11/14
  4889 | D:5      | Found a bloodstained altar of Trog.
  4892 | D:5      | Reached skill level 5 in Fighting
  4931 | D:5      | Reached skill level 7 in Earth Magic
  5224 | D:6      | Identified the +4 falchion "Neciq" {flame, Fragile Will+
                  | Int+3 Dex+3}
  5646 | D:6      | Found a staircase to the Ecumenical Temple.
  5661 | Temple   | Entered the Ecumenical Temple
  5694 | Temple   | Became a worshipper of Vehumet
  5725 | D:6      | Reached XP level 9. HP: 55/55 MP: 13/16
  5758 | D:6      | Reached skill level 5 in Spellcasting
  5959 | D:6      | Found a shimmering blue altar of Sif Muna.
  6146 | D:7      | Reached skill level 8 in Earth Magic
  6369 | D:7      | Gained mutation: You have a beak for a mouth. [potion of
                  | mutation]
  6369 | D:7      | Gained mutation: You are partially covered in iridescent
                  | scales. (AC +2) [potion of mutation]
  6371 | D:7      | Noticed Pikel
  6472 | D:7      | Reached skill level 5 in Poison Magic
  6474 | D:7      | Identified 2 scrolls of acquirement
  6474 | D:7      | Acquired the staff of earth "Opoiffol" {Drain rC- Str+6
                  | Int+3}
  6556 | D:7      | Found a white marble altar of Elyvilon.
  6693 | D:7      | Reached * piety under Vehumet
  6693 | D:7      | Offered knowledge of Kiss of Death by Vehumet.
  6739 | D:7      | Reached skill level 5 in Conjurations
  6920 | D:7      | Found Raniudav's Antique Armour Shoppe.
  6983 | D:7      | Killed Pikel
  6984 | D:7      | Reached XP level 10. HP: 56/63 MP: 13/18
  7043 | D:8      | Reached skill level 9 in Earth Magic
  7376 | D:8      | Found a large runed translucent door.
  7376 | D:8      | Found a large runed translucent door.
  7539 | D:8      | Offered knowledge of Searing Ray by Vehumet.
  7540 | D:8      | Reached ** piety under Vehumet
  7929 | D:8      | Acquired the +2 shield of Resistance {rF++ rC++ Will++}
  7929 | D:8      | Found the +2 shield of Resistance {rF++ rC++ Will++}
  8054 | D:8      | Found a shimmering altar of Xom.
  8074 | D:8      | Found a sparkling altar of Nemelex Xobeh.
  8166 | D:9      | Reached skill level 1 in Shields
  8374 | D:9      | Found a staircase to the Lair.
  8464 | D:9      | Found a hide-covered altar of Uskayaw.
  8501 | D:9      | Noticed a two-headed ogre
  8506 | D:9      | Killed a two-headed ogre
  8610 | D:9      | You fall into a shaft and drop 3 floors!
  8758 | D:12     | Noticed a kobold demonologist
  8772 | D:12     | Killed a kobold demonologist
  8779 | D:12     | Reached skill level 10 in Earth Magic
  8789 | D:12     | Offered knowledge of Volatile Blastmotes by Vehumet.
  8860 | D:10     | Entered Level 10 of the Dungeon
  8879 | D:10     | Reached XP level 11. HP: 43/69 MP: 15/20
  8978 | D:10     | Found an opulent altar of Gozag.
  9039 | D:10     | Reached *** piety under Vehumet
  9052 | D:10     | Identified the +0 ring mail of Qupath {MP+9 Str+2}
  9138 | D:10     | Found an iron altar of Okawaru.
  9153 | D:10     | Found a shadowy altar of Dithmenos.
  9731 | D:9      | Identified the +0 plate armour "Acytaf" {rElec rPois rC-
                  | Dex+6}
  9802 | D:9      | Found a blossoming altar of Fedhas.
  9878 | D:9      | Found an ancient bone altar of Kikubaaqudgha.
 10130 | Lair:1   | Entered Level 1 of the Lair of Beasts
 10201 | Lair:1   | Noticed a boulder beetle
 10218 | Lair:1   | Killed a boulder beetle
 10311 | Lair:1   | Reached skill level 5 in Shields
 10344 | Lair:1   | Reached skill level 11 in Earth Magic
 10344 | Lair:1   | Offered knowledge of Fulminant Prism by Vehumet.
 10443 | Lair:1   | Noticed Selon's ghost (journeyman TeFE)
 10525 | Lair:1   | Found a transporter.
 10708 | Lair:1   | Found a transporter.
 11108 | Lair:2   | Reached skill level 10 in Fighting
 11213 | Lair:2   | Reached XP level 12. HP: 77/77 MP: 21/21
 11706 | Lair:2   | Reached **** piety under Vehumet
 11732 | Lair:2   | Reached skill level 12 in Earth Magic
 11743 | Lair:2   | Offered knowledge of Ignite Poison by Vehumet.
 11757 | Lair:2   | Learned a level 3 spell: Ignite Poison
 12030 | Lair:2   | Found a staircase to the Snake Pit.
 12635 | Lair:3   | Noticed a boulder beetle
 12641 | Lair:3   | Killed a boulder beetle
 12789 | Lair:3   | Found a staircase to the Swamp.
 12790 | Lair:3   | Noticed a skyshark
 12801 | Lair:3   | Killed a skyshark
 12935 | Lair:3   | Identified the +1 robe of Mental Paralysis {rCorr Str-4
                  | Int+3 Stlth+}
 13292 | Lair:3   | Reached skill level 13 in Earth Magic
 13292 | Lair:3   | Reached skill level 10 in Poison Magic
 13293 | Lair:3   | Reached XP level 13. HP: 84/84 MP: 18/22
 14664 | Lair:4   | Reached ***** piety under Vehumet
 14665 | Lair:4   | Offered knowledge of Sticky Flame by Vehumet.
 15098 | Lair:4   | Found a viscous altar of Jiyva.
 15099 | Lair:4   | Found a staircase to the Slime Pits.
 15104 | Lair:4   | Reached skill level 14 in Earth Magic
 15461 | Lair:5   | Entered Level 5 of the Lair of Beasts
 15470 | Lair:5   | Reached skill level 10 in Shields
 15887 | Lair:5   | Gained mutation: Your large and strong wings let you fly.
                  | [Gargoyle growth]
 15887 | Lair:5   | Reached XP level 14. HP: 83/94 MP: 15/23
 16296 | Lair:5   | Reached skill level 15 in Earth Magic
 16674 | Lair:5   | Offered knowledge of Orb of Destruction by Vehumet.
 16686 | Lair:5   | Learned a level 7 spell: Orb of Destruction
 16971 | Lair:5   | Acquired 1073 gold pieces
 17947 | Lair:1   | Killed Selon's ghost
 17948 | Lair:1   | Reached skill level 1 in Armour
 18336 | D:4      | Bought an amulet of magic regeneration for 420 gold pieces
 18861 | D:11     | Found a portal to a secret trove of treasure.
 18957 | D:11     | Got the Directory of Polar Heat
 19180 | D:11     | Found a staircase to the Orcish Mines.
 19561 | D:11     | Noticed Grum
 19564 | D:11     | Killed Grum
 19565 | D:11     | Reached XP level 15. HP: 100/100 MP: 20/24
 20118 | D:12     | Reached skill level 16 in Earth Magic
 21036 | D:13     | Reached ****** piety under Vehumet
 21036 | D:13     | Offered knowledge of Leda's Unmaking by Vehumet.
 21212 | D:13     | Learned a level 6 spell: Leda's Unmaking
 21288 | D:14     | Found a gate leading to a gauntlet.
 21294 | Gauntlet | Entered a Gauntlet
 21294 | Gauntlet | Found a transporter.
 21303 | Gauntlet | Found a transporter.
 21344 | Gauntlet | Found a transporter.
 21362 | Gauntlet | Found a transporter.
 21386 | Gauntlet | Found a transporter.
 21388 | Gauntlet | Found a transporter.
 21390 | Gauntlet | Found a transporter.
 21392 | Gauntlet | Found a large runed translucent door.
 21392 | Gauntlet | Found a large runed translucent door.
 21393 | Gauntlet | Found a large runed translucent door.
 21393 | Gauntlet | Found a large runed translucent door.
 21441 | Gauntlet | Found a transporter.
 21448 | Gauntlet | Found a transporter.
 21463 | Gauntlet | Found a transporter.
 21482 | Gauntlet | Found a transporter.
 21494 | Gauntlet | Found a transporter.
 21502 | Gauntlet | Found a large runed translucent door.
 21503 | Gauntlet | Found a large runed translucent door.
 21504 | Gauntlet | Found a large runed translucent door.
 21504 | Gauntlet | Found a large runed translucent door.
 21505 | Gauntlet | Found a runed translucent gate.
 21506 | Gauntlet | Found a transporter.
 21506 | Gauntlet | Found a runed translucent gate.
 21507 | Gauntlet | Found a runed translucent gate.
 21508 | Gauntlet | Found a large runed translucent door.
 21508 | Gauntlet | Found a large runed translucent door.
 21509 | Gauntlet | Found a large runed translucent door.
 21510 | Gauntlet | Found a large runed translucent door.
 21518 | Gauntlet | Found a transporter.
 21530 | Gauntlet | Found a transporter.
 21536 | Gauntlet | Found a transporter.
 21617 | Gauntlet | Found a transporter.
 21631 | Gauntlet | Found a transporter.
 21654 | Gauntlet | Gained mutation: You are weak. (Str -2) [a shining eye]
 21656 | Gauntlet | Gained mutation: Your spells are a little easier to cast,
                  | but a little less powerful. [a shining eye]
 21675 | Gauntlet | Identified the ring of Hydait {rElec rCorr EV+5 Int-3}
 21681 | Gauntlet | Found a large runed translucent door.
 21681 | Gauntlet | Found a large runed translucent door.
 21681 | Gauntlet | Found a runed translucent door.
 21681 | Gauntlet | Found a runed translucent door.
 21683 | Gauntlet | Found a large runed translucent door.
 21684 | Gauntlet | Found a large runed translucent door.
 21702 | Gauntlet | Identified the +1 pair of boots of Xuxzeet {Dex+5}
 21764 | Gauntlet | Identified the amulet "Gechur" {Spirit Will+ MP-9 Slay+3}
 21831 | Gauntlet | Identified the ring of Xom's Sleight of Hands {rC+ Int+4
                  | Dex+6 SInv}
 21836 | Gauntlet | Identified the +1 ring mail "Seuf Sez" {rF+ Will+ Int-4
                  | SInv}
 21842 | Gauntlet | Identified the +0 ring mail "Oguph" {rN+++ Will- Int-4
                  | SInv}
 21842 | Gauntlet | Identified the +0 trident "Woavoy" {drain, Str+3}
 22295 | D:14     | Reached skill level 5 in Armour
 22799 | D:14     | Reached skill level 15 in Fighting
 22858 | D:14     | Found a gate to the Vaults.
 22955 | D:14     | Reached XP level 16. HP: 108/108 MP: 4/25
 23074 | D:14     | Offered knowledge of Starburst by Vehumet.
 23124 | D:14     | Found an ornate altar of the Wu Jian Council.
 23124 | D:14     | Identified the +6 shortbow "Suhupil" {drain, Contam rN++
                  | Str+3 SInv}
 23131 | D:14     | Identified the +2 cloak of Nitummag {rN+}
 23238 | D:14     | Reached skill level 5 in Dodging
 23378 | D:14     | Reached skill level 10 in Conjurations
 23555 | D:15     | Entered Level 15 of the Dungeon
 24094 | D:15     | Reached skill level 17 in Earth Magic
 24744 | D:15     | Found a staircase to the Depths.
 24848 | Orc:1    | Entered Level 1 of the Orcish Mines
 25041 | Orc:1    | Offered knowledge of Ozocubu's Refrigeration by Vehumet.
 25162 | Orc:2    | Entered Level 2 of the Orcish Mines
 25374 | Orc:2    | Found a staircase to the Elven Halls.
 25374 | Orc:2    | Noticed Nessos
 25382 | Orc:2    | Killed Nessos
 25468 | Orc:2    | Noticed Saint Roka
 25478 | Orc:2    | HP: 1/108 [Saint Roka/+0 heavy great sword (41)]
 25480 | Orc:2    | Killed from afar by Saint Roka

Illustrated notes

Levels and vault maps discovered:
D:1:      dpeg_arrival_rooms_b, layout_loops_corners,
          shapermc_ecumenical_altar_rom_forum
D:2:      layout_basic
D:3:      layout_loops_corners
D:4:      nicolae_cairo_tiling_very_big, layout_gridville, serial_shops, shop,
          nicolae_stop_n_shop_2, shop, nicolae_shop_overcharged_wands,
          uniq_duvessa, uniq_ijyb
D:5:      layout_rooms, hangedman_feature_mirror, nicolae_half_adder
D:6:      layout_cave_pools, mainiacjoe_overflow_six_doors_small,
          minmay_temple_entry_trees
D:7:      layout_rooms, old_standard_altar, minmay_shop_grid_forest,
          minmay_misc_feat_enclosed, chequers_decorated_corner, uniq_pikel
D:8:      layout_basic, jmf_multi_god_temple2
D:9:      nicolae_cairo_tiling, layout_basic, mainiacjoe_overflow_tiny_flanked,
          nicolae_kikubaaqudgha_miasma_corner, nicolae_overflow_hidden_temple,
          lair_entry_dummy
D:10:     layout_irregular_city, overflow_temple_1_default,
          mainiacjoe_overflow_24_doors, grunt_dithmenos_smoke
D:11:     layout_roguey [special_room_bee], david_orc_5,
          nicolae_trove_entry_isolated, uniq_grum
D:12:     layout_roguey
D:13:     layout_basic, grunt_decor_clamped
D:14:     minmay_the_grid_square_5x5_5x5_mashed
          [minmay_the_grid_square_5x5_doubleslash,
          minmay_the_grid_square_5x5_tie, minmay_the_grid_square_5x5_shrine1,
          minmay_the_grid_square_5x5_shrine2,
          minmay_the_grid_square_5x5_hourglass,
          minmay_the_grid_square_5x5_checkered,
          minmay_the_grid_square_5x5_prize_rear_guard,
          minmay_the_grid_square_5x5_three_small,
          minmay_the_grid_square_5x5_prize_pseudospiral,
          minmay_the_grid_square_5x5_z, minmay_the_grid_square_5x5_c,
          minmay_the_grid_square_5x5_one_wall,
          minmay_the_grid_square_5x5_prize_snowflake,
          minmay_the_grid_square_5x5_inset, minmay_the_grid_square_5x5_n_small,
          minmay_the_grid_square_5x5_inner_v,
          minmay_the_grid_square_5x5_prize_itemx,
          minmay_the_grid_square_5x5_detours,
          minmay_the_grid_square_5x5_prize_waves,
          minmay_the_grid_square_5x5_gyroscope,
          minmay_the_grid_square_5x5_three,
          minmay_the_grid_square_5x5_misaligned,
          minmay_the_grid_square_5x5_seven,
          minmay_the_grid_square_5x5_tetrominoes,
          minmay_the_grid_square_5x5_half_checkered], layout_cross,
          ximxim_vaults_locker_room, serial_park_gazebo
          [serial_park_minivault_5x5_7], gauntlet_entry_generic, drop_trap
D:15:     gammafunk_enter_depths_forms, layout_rooms, dk_noncrumbling_2
Temple:   hc_temple_tempest_star
Lair:1:   layout_long_grid, nzn_ghost_randoct, serial_bayou_shore_a
Lair:2:   layout_gridlike, minmay_snake_entry_guardpost_small,
          nicolae_lair_grazing_beasts [nicolae_sub_lair_graze_edge,
          nicolae_sub_lair_graze_edge, nicolae_sub_lair_graze_edge,
          nicolae_sub_lair_graze_edge], infiniplex_staircase_pool_2,
          serial_bayou_shore_b
Lair:3:   layout_cave_pods, skrybe_swamp_entry_bodies
Lair:4:   layout_cave_pods, minmay_slime_entry_oklob_open, grunt_megastairs_1,
          infiniplex_staircase_pool
Lair:5:   grunt_lair_end_beastmaster, layout_regular_city,
          nicolae_lair_run_with_the_wolves, grunt_megastairs_5
Orc:1:    layout_caves
Orc:2:    grunt_orc_community_town_hall, layout_caves,
          grunt_orc_community_big_house_2, grunt_orc_community_big_house_2,
          grunt_orc_community_house_1, grunt_orc_community_house_3,
          grunt_orc_community_house_2, grunt_orc_community_house_2, uniq_nessos

Skill      XL: |  1  2  3  4  5  6  7  8  9 10 11 12 13 14 15 16 |
---------------+-------------------------------------------------+-----
Fighting       | 1 2 3 4 6 7 8 10 11 13 14 15 | 15.5
Earth Magic    | 4 5 6 7 8 10 11 13 14 15 16 17 | 17.1
Poison Magic   | 1 2 3 4 5 6 8 10 | 10.5
Spellcasting   | 3 4 5 6 |  6.4
Conjurations   | 1 3 5 7 8 9 10 | 10.4
Shields        | 3 6 8 10 12 13 | 13.6
Armour         | 2 5 7 |  7.0
Dodging        | 2 4 5 |  5.6
Stealth        | |  2.1
Transmutations | |  0.7

Action                     |  1- 3 |  4- 6 |  7- 9 | 10-12 | 13-15 | 16-18 || total
---------------------------+-------+-------+-------+-------+-------+-------++-------
  Melee: Unarmed           |    12 |       |       |       |       |       ||    12
         Short sword       |       |    13 |     1 |   170 |   175 |    87 ||   446
         Peck              |       |       |       |    37 |    37 |    25 ||    99
         Dagger            |       |       |       |     6 |       |       ||     6
   Cast: Sandblast         |    57 |    74 |   144 |   290 |   275 |     2 ||   842
         Stone Arrow       |       |       |       |    15 |    88 |       ||   103
         Olgreb's Toxic Ra |       |       |       |    17 |    93 |    17 ||   127
         Ignite Poison     |       |       |       |       |    57 |     8 ||    65
         Leda's Unmaking   |       |       |       |       |    40 |   105 ||   145
    Use: Scroll            |       |       |    14 |     1 |     9 |       ||    24
         Potion            |       |       |     1 |     1 |     1 |     1 ||     4
 Armour: Robe              |    13 |    15 |    29 |   171 |   258 |    43 ||   529
  Dodge: Dodged            |    20 |    24 |    35 |   135 |   200 |    50 ||   464
  Block: Kite shield       |       |       |       |   202 |   384 |   110 ||   696

Table legend: (Time is in decaauts)
 A = Elapsed time spent in this place.
 B = Non-inter-level travel time spent in this place.
 C = Inter-level travel time spent in this place.
 D = Time resting spent in this place.
 E = Time spent auto-exploring this place.
 F = Levels seen in this place.
 G = Mean time per level.
                   A        B        C        D        E       F      G
               +--------+--------+--------+--------+--------+-----+--------+
         Total |  26114 |  24607 |   1507 |   1121 |  18823 |  24 | 1088.1 |
       Dungeon |  16622 |  15608 |   1014 |    658 |  12153 |  15 | 1108.1 |
        Temple |     40 |     34 |      6 |      0 |     26 |   1 |   40.0 |
          Lair |   8257 |   7785 |    472 |    442 |   5984 |   5 | 1651.4 |
  Orcish Mines |    639 |    626 |     13 |     21 |    461 |   2 |  319.5 |
      Gauntlet |    554 |    554 |      0 |      0 |    198 |   1 |  554.0 |
               +--------+--------+--------+--------+--------+-----+--------+

Top non-repeatable levels by time:
  Lair:5: 1898 daAuts
  Lair:4: 1793 daAuts
  Lair:3: 1666 daAuts
  Lair:2: 1616 daAuts
    D:14: 1534 daAuts
     D:4: 1452 daAuts
    D:13: 1400 daAuts
     D:8: 1300 daAuts
  Lair:1: 1282 daAuts
     D:9: 1140 daAuts
     D:2: 1129 daAuts
     D:1: 1061 daAuts
    D:12: 1040 daAuts
     D:3: 1040 daAuts
    D:15: 1010 daAuts
